 Dungeon Crawl Stone Soup version 0.28-a0-1429-gf3d713df7a (webtiles) character file.

Game seed: 9420282141056910719

7 flotson the Chopper (level 1, 0/16 HPs)
             Began as a Demonspawn Gladiator on Jan 8, 2022.
             Slain by a kobold (1 damage)
             ... on level 1 of the Dungeon.
             The game lasted 00:00:43 (199 turns).

flotson the Chopper (Demonspawn Gladiator)           Turns: 199, Time: 00:00:44

Health: 0/16       AC:  6    Str: 14    XL:     1   Next: 83%
Magic:  1/1        EV: 11    Int:  9    God:
Gold:   0          SH:  0    Dex: 14    Spells: 0/0 levels left

rFire   . . .      SeeInvis .   a - +0 war axe
rCold   . . .      Faith    .   (no shield)
rNeg    . . .      Spirit   .   e - +0 ring mail
rPois   .          Reflect  .   c - +0 helmet
rElec   .          Harm     .   (no cloak)
rCorr   .          Rampage  .   (no gloves)
Will    .....                   (no boots)
Stlth   +.........              (no amulet)
HPRegen 0.05/turn               (no ring)
MPRegen 0.07/turn               (no ring)

@: no status effects
A: no striking features
a: no special abilities


You were on level 1 of the Dungeon.
You visited 1 branch of the dungeon, and saw 1 of its levels.

Inventory:

Hand Weapons
 a - a +0 war axe (weapon)
Missiles
 d - 3 throwing nets (quivered)
Armour
 c - a +0 helmet (worn)
 e - a +0 ring mail (worn)


   Skills:
 + Level 2.1 Fighting
 + Level 2.8 Axes
 + Level 1.9 Throwing
 + Level 0.3 Armour
 + Level 2.8 Dodging


You couldn't memorise any spells.
You didn't know any spells.
Your spell library was empty.

Dungeon Overview and Level Annotations

Branches:
Dungeon (1/15)

Altars:


Message History

You completely miss the quokka. The quokka barely misses you.
You closely miss the quokka. The quokka closely misses you.
The quokka completely misses you.
You hit the quokka but do no damage. Your punch misses the quokka.
The quokka bites you but does no damage.
You closely miss the quokka. The quokka closely misses you. x2
You closely miss the quokka.
The quokka bites you but does no damage.
The endoplasm jiggles.
The quokka bites you but does no damage.
You barely miss the quokka. The quokka barely misses you.
You hit the quokka.
The quokka is moderately wounded.
The quokka bites you.
The quokka bites you but does no damage.
You slash the quokka!
You kill the quokka!
The giant cockroach bites you but does no damage.
You completely miss the giant cockroach.
The giant cockroach bites you but does no damage.
You closely miss the giant cockroach. The giant cockroach bites you. x2
You slash the giant cockroach!
You kill the giant cockroach!
The endoplasm completely misses you.
You hit the endoplasm but do no damage. The endoplasm freezes you.
You are frozen.
* * * LOW HITPOINT WARNING * * *
You hit the endoplasm.
The endoplasm is moderately wounded.
The endoplasm closely misses you.
You barely miss the endoplasm.
The endoplasm is moderately wounded.
The endoplasm hits you but does no damage.
The endoplasm barely misses you.
You slash the endoplasm!
You kill the endoplasm!
The kobold barely misses you.
You barely miss the kobold. The kobold hits you with a +0 dagger.
You die...

#######
#####.....####
#..K..........#
#.....#.⌠..J⌠.###
#.....#..###....#
#........#@KgJ..#
#........###l...#
#.....#.⌠..l⌠...#
................#
.....#.##......#
..... ####
#.##......# .....
####.........#
.....
##..JJ....#####
.....
###..J#.........#


You could see 2 endoplasms, a goblin, a kobold and 2 frilled lizards.

Vanquished Creatures
  An endoplasm (D:1)
  2 giant cockroaches (D:1)
  2 quokkas (D:1)
5 creatures vanquished.

Notes
Turn   | Place    | Note
-------+----------+-------------------------------------------
     0 | D:1      | flotson the Demonspawn Gladiator began the quest for the
                  | Orb.
     0 | D:1      | Reached XP level 1. HP: 16/16 MP: 1/1
   199 | D:1      | Slain by a kobold

Illustrated notes

Levels and vault maps discovered:
D:1:      scummos_arrival_simple_fountains, layout_rooms

Action                   || total
-------------------------++-------
Melee: War axe           ||    25
Armor: Ring mail         ||    11
Dodge: Dodged            ||    19

Table legend: (Time is in decaauts)
 A = Elapsed time spent in this place.
 B = Non-inter-level travel time spent in this place.
 C = Inter-level travel time spent in this place.
 D = Time resting spent in this place.
 E = Time spent auto-exploring this place.
 F = Levels seen in this place.
 G = Mean time per level.
                   A        B        C        D        E       F      G
               +--------+--------+--------+--------+--------+-----+--------+
         Total |    207 |    207 |      0 |      0 |    132 |   1 |  207.0 |
       Dungeon |    207 |    207 |      0 |      0 |    132 |   1 |  207.0 |
               +--------+--------+--------+--------+--------+-----+--------+

Top non-repeatable levels by time:
     D:1: 207 daAuts
